 Dungeon Sprint DCSS version 0.21-a0-525-ga34b322 (webtiles) character file.

54 InappropriateContent the Skirmisher (level 5, -6/37 HPs)
             Began as a Gargoyle Fighter on Dec 6, 2017.
             Was a Believer of Makhleb.
             Mangled by an ice devil (14 damage)
             ... in the Dungeon (Sprint VI: "Thunderdome").
             The game lasted 00:06:04 (355 turns).

InappropriateContent the Skirmisher (GrFi)           Turns: 355, Time: 00:06:04

Health: -6/37      AC: 11    Str: 26    XL:     5   Next: 17%
Magic:  5/5        EV:  8    Int:  8    God:    Makhleb [**....]
Gold:   280        SH: 10    Dex:  9    Spells: 4/4 levels left

rFire    . . .     SeeInvis .   a - +0 war axe
rCold    . . .     Gourm    .   c - +0 shield
rNeg     + . .     Faith    .   b - +0 scale mail
rPois    ∞         Spirit   .   (no helmet)
rElec    +         Reflect  .   (no cloak)
rCorr    .         Harm     .   (no gloves)
MR       .....     NoTele   +   (no boots)
Stlth    ..........             (no amulet)
HPRegen  0.12/turn              (no ring)
MPRegen  0.09/turn              (no ring)

@: mighty
A: negative energy resistance 1, electricity resistance, unbreathing,
petrification resistance, rot immunity, AC +4
a: Minor Destruction, Renounce Religion


You were in the Dungeon.
You worshipped Makhleb.
Makhleb was pleased with you.
You were not hungry.

You visited 1 branch You collected 280 gold pieces.

Inventory:

Hand Weapons
 a - a +0 war axe (weapon)
Armour
 b - a +0 scale mail (worn)
 c - a +0 shield (worn)
Wands
 j - a wand of acid (4)
 l - a wand of iceblast (3)
Scrolls
 k - 4 scrolls of blinking
 n - 3 scrolls of fog
Potions
 e - a potion of curing
 g - a potion of resistance
 h - 4 potions of haste
 i - 2 potions of magic
 m - 3 potions of heal wounds
Comestibles
 f - a bread ration


   Skills:
 * Level 6.4 Fighting
 * Level 5.4 Axes
 + Level 5.9 Armour
 + Level 5.8 Shields


You had 4 spell levels left.
You didn't know any spells.

Dungeon Overview and Level Annotations

Branches:
Dungeon (1/1)

Altars:
Cheibriados
Dithmenos
Fedhas
Gozag
Kikubaaqudgha
Makhleb
Okawaru
Qazlal
Ru
Sif Muna
Trog
Uskayaw
Vehumet
Wu Jian
Xom
Zin
The Shining One
Beogh
Jiyva
Lugonu

Shops:
D *[%???:(!!!!


Innate Abilities, Weirdness & Mutations

You are resistant to torment.
Your stone body is resilient. (AC +4)
You are immune to poison.
You resist negative energy. (rN+)
You are resistant to electric shocks. (rElec)
You can survive without breathing.
You are immune to petrification.
You are immune to rotting.


Message History

An ice devil comes into view. 50...
The orange demon is no longer covered in acid.
The orange demon completely misses you.
The hellwing swoops through the air toward you!
You block the hellwing's attack. The hellwing hits you.
A demon appears!
It doesn't seem very happy.
You can no longer summon a lesser servant of Makhleb.
The ice devil hits you but does no damage.
The hellwing swoops through the air toward you!
The hellwing hits you.
* * * LOW HITPOINT WARNING * * *
The hellwing closely misses you.
You slash the ice devil!
The ice devil is lightly wounded.
You slash the hellwing! The ice devil hits you.
* * * LOW HITPOINT WARNING * * *
The ice devil freezes you!
You die...

###...(.....### #⌠...........⌠#
######.8.........8.######
##∩___...)..###.......__∩##
###∩........8.# #.8........∩###
#.............###.............##
⌠..........###)..###..........§#
⌠..........# #.<.# #..........§#
⌠..........###)4@###..........⌠#
#.............###44...........##
###∩........8.# #48........∩###
##∩___......# #......___∩##
######.8.........8.######
#⌠...........⌠# ###.........###
#........_# #_......._#


You could see an orange demon, 2 hellwings and an ice devil.

Vanquished Creatures
  A big kobold (D)
  A scorpion (D)
  2 worms (D)
  2 giant cockroaches (D)
  2 goblins (D)
  A hobgoblin (D)
  2 kobolds (D)
11 creatures vanquished.

Notes
Turn   | Place    | Note
-------+----------+-------------------------------------------
     0 | D        | InappropriateContent the Gargoyle Fighter began the quest for the Orb.
     0 | D        | Reached XP level 1. HP: 14/14 MP: 1/1
     0 | D        | Found a corrupted altar of Lugonu.
     1 | D        | Found a radiant altar of Vehumet.
     1 | D        | Found a snail-covered altar of Cheibriados.
     2 | D        | Found a glowing silver altar of Zin.
     2 | D        | Found an ornate altar of the Wu Jian Council.
     3 | D        | Found Hiokkuv's Distillery.
     3 | D        | Found an iron altar of Okawaru.
     3 | D        | Found a burning altar of Makhleb.
     3 | D        | Found Fobaqyub's Do-It-Yourself Clinic.
     4 | D        | Found Fus Sois's Distillery.
     4 | D        | Found Ozoid's Bottled Wisdom.
     5 | D        | Round 1.
     7 | D        | Noticed a scorpion
    26 | D        | Killed a scorpion
    26 | D        | Reached skill level 5 in Fighting
    26 | D        | Reached skill level 5 in Armour
    26 | D        | Reached skill level 5 in Shields
    26 | D        | Reached XP level 2. HP: 9/21 MP: 2/2
    26 | D        | Reached XP level 3. HP: 11/26 MP: 3/3
    37 | D        | Found a hide-covered altar of Uskayaw.
    41 | D        | Became a worshipper of Makhleb the Destroyer
    73 | D        | Found a viscous altar of Jiyva.
    73 | D        | Found a roughly hewn altar of Beogh.
   105 | D        | Reached * piety under Makhleb
   117 | D        | Arena points: 12 (+12) [x2]
   155 | D        | Round 2.
   188 | D        | Noticed a big kobold
   192 | D        | Reached XP level 4. HP: 31/31 MP: 4/4
   197 | D        | Killed a big kobold
   197 | D        | Reached ** piety under Makhleb
   197 | D        | Reached skill level 6 in Fighting
   197 | D        | Reached skill level 5 in Axes
   197 | D        | Reached XP level 5. HP: 37/37 MP: 5/5
   246 | D        | Found a deep blue altar of Sif Muna.
   247 | D        | Found a blossoming altar of Fedhas.
   247 | D        | Found a bloodstained altar of Trog.
   247 | D        | Found Sooga's Staff Store.
   247 | D        | Found Huaclux's Magic Scroll Shop.
   248 | D        | Found Ceul's Must-Have Magic.
   248 | D        | Found Sayp's Magic Scroll Shop.
   273 | D        | Found a glowing golden altar of the Shining One.
   274 | D        | Found a stormy altar of Qazlal.
   275 | D        | Found an opulent altar of Gozag.
   279 | D        | Reached *** piety under Makhleb
   279 | D        | Arena points: 54 (+42) [x3]
   288 | D        | Found an ancient bone altar of Kikubaaqudgha.
   289 | D        | Found a sacrificial altar of Ru.
   289 | D        | Found a shimmering altar of Xom.
   290 | D        | Found a shadowy altar of Dithmenos.
   291 | D        | Found Toschu's Identification Station.
   291 | D        | Found Ekyzijeuwi's Bee Food.
   292 | D        | Found Vofrob's Advanced Armour.
   292 | D        | Found Xexaf's Jewellery.
   335 | D        | Round 3.
   335 | D        | Noticed a hellwing
   335 | D        | Noticed an orange demon
   348 | D        | Noticed an ice devil
   354 | D        | Noticed a hellwing
   355 | D        | Mangled by an ice devil

Vault maps used:
D:        arena_sprint

Skill      XL: |  1  2  3  4 |
---------------+-------------+-----
Fighting       | 5 6 |  6.4
Axes           | 3 5 |  5.4
Armour         | 5 |  5.9
Shields        | 5 |  5.8

Action                   |  1- 3 |  4- 6 || total
-------------------------+-------+-------++-------
Melee: War axe           |    54 |    21 ||    75
Invok: Minor Destruction |       |     1 ||     1
       Lesser Servant of |       |     1 ||     1
Evoke: Wand              |       |     3 ||     3
  Use: Potion            |     2 |     1 ||     3
Armor: Scale mail        |    22 |     4 ||    26
Dodge: Dodged            |    17 |    11 ||    28
Block: Shield            |    22 |    18 ||    40

Table legend:
 A = Spawn XP
 B = Non-spawn XP
 C = Spawn XP percentage of total XP
 D = Spawn monster count
 E = Non-spawn monster count
 F = Spawn count percentage of total count
 G = Total turns spent on level
                    A         B        C        D         E        F      G
               +---------+---------+-------+---------+---------+-------+---------
         Total |       0 |     192 |   0.0 |       0 |      11 |   0.0 |   355
               +---------+---------+-------+---------+---------+-------+---------
             D |       0 |     192 |   0.0 |       0 |      11 |   0.0 |   355
               +---------+---------+-------+---------+---------+-------+---------
